 Dungeon Crawl Stone Soup version 0.23.2-1-ga50397a6bc (webtiles) character file.

Game seed: 10103794189132298690

14336 Peloso the Carver (level 11, -5/99 HPs)
             Began as a Minotaur Fighter on Apr 20, 2019.
             Was a High Priest of Okawaru.
             Slain by a slime creature (9 damage)
             ... on level 11 of the Dungeon.
             The game lasted 00:24:15 (10022 turns).

Peloso the Carver (Minotaur Fighter)               Turns: 10022, Time: 00:24:15

Health: -5/99      AC: 19    Str: 23    XL:     11   Next: 87%
Magic:  10/10      EV: 10    Int:  5    God:    Okawaru [*****.]
Gold:   725        SH:  8    Dex: 11    Spells: 10/10 levels left

rFire    . . .     SeeInvis .   a - +3 double sword (venom)
rCold    . . .     Gourm    .   u - +2 buckler {reflect}
rNeg     + . .     Faith    .   s - +0 chain mail
rPois    +         Spirit   .   G - +1 hat
rElec    .         Reflect  +   j - +1 cloak {rPois}
rCorr    .         Harm     .   r - +1 pair of gloves
MR       .....                  d - +0 pair of boots
Stlth    ..........             (no amulet)
HPRegen  0.26/turn              x - ring of positive energy
MPRegen  0.12/turn              (no ring)

@: no status effects
A: retaliatory headbutt, horns 2
a: Heroism, Finesse, Renounce Religion


You were on level 11 of the Dungeon.
You worshipped Okawaru.
Okawaru was extremely pleased with you.
You were not hungry.

You visited 2 branches of the dungeon, and saw 12 of its levels.

You collected 725 gold pieces.

Inventory:

Hand Weapons
 a - a +3 double sword of venom (weapon)
Armour
 b - a +0 scale mail
 c - a +1 shield
 d - a +0 pair of boots (worn)
 j - a +1 cloak of poison resistance (worn)
 r - a +1 pair of gloves (worn)
 s - a +0 chain mail (worn)
 u - a +2 buckler of reflection (worn)
 G - a +1 hat (worn)
Jewellery
 x - a ring of positive energy (left hand)
 A - an uncursed ring of protection from magic {unknown}
Wands
 o - a wand of acid (4)
 p - a wand of flame (14)
 v - a wand of iceblast (13)
 y - a wand of digging (5)
 B - a wand of random effects (37)
 I - a wand of paralysis (17)
Scrolls
 e - 4 scrolls of identify
 g - 2 scrolls of magic mapping
 h - 9 scrolls of remove curse
 k - 3 scrolls of teleportation
 m - 2 scrolls of enchant armour
 C - a scroll of acquirement {unknown}
 D - a scroll of blinking {unknown}
 F - 2 scrolls of enchant weapon {unknown}
 H - a scroll of amnesia
 J - a scroll of holy word {unknown}
Potions
 i - 3 potions of brilliance
 l - a potion of agility
 n - 10 potions of curing
 q - 2 potions of berserk rage
 t - a potion of haste
 w - a potion of cancellation
 z - a potion of heal wounds
Comestibles
 f - 23 rations


   Skills:
 + Level 10.0 Fighting
 + Level 14.1 Long Blades
 + Level 10.9 Armour
 + Level 3.6 Dodging
 + Level 1.5 Stealth
 + Level 10.9 Shields
 + Level 0.3 Invocations


You had 10 spell levels left.
You didn't know any spells.
Your spell library contained the following spells:

 Spells                   Type           Power        Failure   Level  Hunger
 Corona                   Hex            #......      96%         1    ##.....
 Flame Tongue             Conj/Fire      #....        96%         1    ##.....
 Poisonous Vapours        Pois/Air       #.....       99%         2    ###....
 Slow                     Hex            #.......     99%         2    ###....
 Throw Flame              Conj/Fire      #.....       99%         2    ###....
 Conjure Flame            Conj/Fire      #.......     100%        3    ####...
 Inner Flame              Hex/Fire       #.......     100%        3    ####...
 Mephitic Cloud           Conj/Pois/Air  #.......     100%        3    ####...
 Portal Projectile        Hex/Tloc       #.....       100%        3    ####...
 Cause Fear               Hex            #.........   100%        4    #####..
 Leda's Liquefaction      Hex/Erth       #.........   100%        4    #####..
 Sticky Flame             Conj/Fire      #.......     100%        4    #####..
 Fireball                 Conj/Fire      #.........   100%        5    ######.
 Freezing Cloud           Conj/Ice/Air   #.........   100%        6    #######
 Ring of Flames           Chrm/Fire      #.........   100%        7    #######


Dungeon Overview and Level Annotations

Branches:
Dungeon (11/15)            Temple (0/1) D:7            Lair (0/6) D:8
    Orc (1/2) D:9

Altars:
Elyvilon
Fedhas
Gozag
Hepliaklqana
Okawaru
Sif Muna
Wu Jian
Xom
The Shining One

Shops:
D:4 }   D:9 ([   D:10 [

Annotations:
D:8 1 runed translucent door
D:9 Jorgrun
D:11 2 transporters, MurphysLawyer's ghost, journeyman DrCj


Innate Abilities, Weirdness & Mutations

You reflexively headbutt those who attack you in melee.
You have a pair of horns on your head.


Message History

Okawaru accepts your kill. The slime creature closely misses you.
You furiously retaliate!
You headbutt the slime creature. The slime creature hits you!
* * * LOW HITPOINT WARNING * * *
Unknown command.
The slime creature completely misses you.
You riposte.
You slice the slime creature!!
The slime creature is moderately wounded.
The slime creature hits you.
* * * LOW HITPOINT WARNING * * *
You slash the slime creature!
The slime creature looks as sick as possible!
The slime creature is severely wounded.
The slime creature hits you but does no damage.
The slime creature hits you!
* * * LOW HITPOINT WARNING * * *
Unknown command.
All of the chunks of flesh in your inventory have rotted away.
The slime creature hits you!
You die...

..###..........^..#
#..##............##
##...............#
.#...............#
.##.......###...## ##
y.#.(....####...###.###
..#....#.# #....#.....##
..#[....####..###.......
.##......##...#.@.......
©#..##.......)JJ(.......
##.###..........#.......
...##...........#.......
#####..................#
## #....................
.###..............?##...
..#......###........####
....(....##.##......#


You could see 2 slime creatures.

Vanquished Creatures
  Gastronok (D:8)
  3 two-headed ogres
  An ugly thing (D:11)
  Joseph (D:8)
  2 gargoyles (D:10)
  A troll (D:8)
  2 slime creatures (D:11)
  A hornet (D:11)
  A meliai zombie (D:10)
  2 hippogriffs
  Sigmund (D:4)
  A wyvern (D:10)
  13 yaks
  A hungry ghost (D:10)
  Edmund (D:4)
  3 water moccasins
  2 orc warriors
  An ice beast (D:8)
  2 sky beasts
  2 black bears
  A hornet zombie (D:9)
  5 ogres
  3 phantoms
  A centaur (D:10)
  2 wolves (D:8)
  2 big kobolds
  11 bullfrogs
  3 scorpions
  6 killer bees
  4 wights (D:6)
  7 crimson imps
  2 howler monkeys
  A bullfrog zombie (D:10)
  2 jellies (D:8)
  3 centaur skeletons
  3 orc priests
  7 hounds (D:8)
  6 orc wizards
  2 bullfrog skeletons (D:7)
  Jessica (D:4)
  Natasha (thrice) (D:3)
  Terence (D:3)
  3 iguanas
  6 worker ants
  A killer bee zombie (D:9)
  4 hound skeletons
  2 worker ant zombies
  A howler monkey zombie (D:5)
  10 gnolls
  A howler monkey skeleton (D:5)
  16 adders
  3 shadow imps
  4 worms
  A dart slug (D:2)
  6 leopard geckos
  40 orcs
  6 bats
  7 giant cockroaches
  7 goblins
  12 jackals
  19 kobolds
  3 quokkas
  A ball python (D:2)
  5 frilled lizards
  A giant cockroach zombie (D:5)
  3 quokka skeletons
  8 rats
288 creatures vanquished.

Vanquished Creatures (others)
  A centaur (D:10)
1 creature vanquished.

Grand Total: 289 creatures vanquished

Notes
Turn   | Place    | Note
-------+----------+-------------------------------------------
     0 | D:1      | Peloso the Minotaur Fighter began the quest for the Orb.
     0 | D:1      | Reached XP level 1. HP: 19/19 MP: 0/0
   278 | D:1      | Reached XP level 2. HP: 23/27 MP: 1/1
   758 | D:2      | Found a shimmering altar of Xom.
   871 | D:2      | You fall through a shaft for 2 floors!
   894 | D:4      | Reached XP level 3. HP: 23/33 MP: 2/2
   906 | D:4      | Reached skill level 3 in Long Blades
   914 | D:4      | Reached XP level 4. HP: 22/41 MP: 3/3
  1142 | D:3      | Found a white marble altar of Elyvilon.
  1142 | D:3      | Found an iron altar of Okawaru.
  1145 | D:3      | Found a blossoming altar of Fedhas.
  1151 | D:3      | Became a worshipper of Warmaster Okawaru
  1198 | D:4      | Reached XP level 5. HP: 44/47 MP: 4/4
  1318 | D:4      | Noticed Sigmund
  1332 | D:4      | Killed Sigmund
  1332 | D:4      | Reached * piety under Okawaru
  1332 | D:4      | Reached skill level 4 in Long Blades
  1332 | D:4      | Reached skill level 1 in Dodging
  1332 | D:4      | Reached skill level 5 in Shields
  1332 | D:4      | Reached XP level 6. HP: 48/53 MP: 5/5
  1345 | D:4      | Reached skill level 5 in Long Blades
  1345 | D:4      | Reached skill level 5 in Armour
  1595 | D:4      | Noticed Edmund
  1607 | D:4      | Killed Edmund
  1607 | D:4      | Reached ** piety under Okawaru
  1668 | D:4      | Found Vuiz's Gadget Shop.
  1723 | D:3      | Noticed Jessica
  1732 | D:4      | Killed Jessica
  1732 | D:4      | Reached XP level 7. HP: 50/60 MP: 6/6
  1957 | D:3      | Reached skill level 6 in Long Blades
  2005 | D:3      | Found an ornate altar of the Wu Jian Council.
  2005 | D:3      | Found a hazy altar of Hepliaklqana.
  2201 | D:3      | Noticed Terence
  2223 | D:3      | Killed Terence
  2224 | D:3      | Reached skill level 5 in Fighting
  2292 | D:3      | Noticed Natasha
  2300 | D:3      | Killed Natasha
  2505 | D:3      | Noticed Natasha
  2512 | D:3      | Killed Natasha
  2537 | D:3      | Noticed Natasha
  2547 | D:3      | Killed Natasha
  3349 | D:5      | Entered Level 5 of the Dungeon
  3771 | D:5      | Reached skill level 7 in Long Blades
  3845 | D:5      | Reached XP level 8. HP: 67/69 MP: 7/7
  3870 | D:5      | Found a deep blue altar of Sif Muna.
  4260 | D:6      | Reached *** piety under Okawaru
  4419 | D:6      | Reached skill level 8 in Long Blades
  5215 | D:7      | Found a staircase to the Ecumenical Temple.
  5241 | D:7      | Reached XP level 9. HP: 59/78 MP: 8/8
  5268 | D:7      | Reached **** piety under Okawaru
  5268 | D:7      | Reached skill level 9 in Long Blades
  5326 | D:7      | Found an opulent altar of Gozag.
  5781 | D:8      | Noticed Gastronok
  5807 | D:8      | Killed Gastronok
  5807 | D:8      | Reached ***** piety under Okawaru
  5807 | D:8      | Received a gift from Okawaru
  5807 | D:8      | Reached skill level 10 in Long Blades
  5807 | D:8      | Reached XP level 10. HP: 72/88 MP: 7/9
  5842 | D:8      | Reached skill level 11 in Long Blades
  6049 | D:8      | Found a glowing golden altar of the Shining One.
  6050 | D:8      | Found a runed translucent door.
  6050 | D:8      | Noticed an angel
  6058 | D:8      | Noticed Joseph
  6068 | D:8      | Killed Joseph
  6182 | D:8      | Found a staircase to the Lair.
  6738 | D:9      | Found Docwaej's Armour Shoppe.
  6739 | D:9      | Found a staircase to the Orcish Mines.
  6793 | D:9      | Reached skill level 10 in Shields
  6817 | D:9      | Found Joaboc's Weapon Shoppe.
  7182 | D:9      | Reached skill level 12 in Long Blades
  7507 | D:10     | Entered Level 10 of the Dungeon
  7845 | D:10     | Noticed a two-headed ogre
  7849 | D:10     | Killed a two-headed ogre
  7849 | D:10     | Received a gift from Okawaru
  7893 | D:10     | Noticed a gargoyle
  7901 | D:10     | Killed a gargoyle
  7901 | D:10     | Reached XP level 11. HP: 53/97 MP: 10/10
  8077 | D:10     | Found a glowing golden altar of the Shining One.
  8374 | D:10     | Reached skill level 13 in Long Blades
  8434 | D:10     | Found Kezydib's Antique Armour Shop.
  8438 | D:10     | Reached skill level 1 in Stealth
  8698 | Orc:1    | Entered Level 1 of the Orcish Mines
  8698 | Orc:1    | Noticed Jorgrun
  8716 | D:9      | HP: 1/97 [Jorgrun/+0 quarterstaff of crushing (4)]
  9253 | D:11     | Found a transporter.
  9253 | D:11     | Noticed MurphysLawyer's ghost (journeyman DrCj)
  9253 | D:11     | Noticed a two-headed ogre
  9254 | D:11     | Noticed a two-headed ogre
  9259 | D:11     | Killed a two-headed ogre
  9267 | D:11     | Killed a two-headed ogre
  9320 | D:11     | Reached skill level 10 in Fighting
  9703 | D:11     | Reached skill level 10 in Armour
  9736 | D:11     | Found a transporter.
  9747 | D:11     | Noticed a purple ugly thing
  9768 | D:11     | Killed a purple ugly thing
  9782 | D:11     | Reached skill level 14 in Long Blades
 10010 | D:11     | Received a gift from Okawaru
 10020 | D:11     | HP: 4/99 [slime creature (15)]
 10022 | D:11     | Slain by a slime creature

Skill      XL: |  1  2  3  4  5  6  7  8  9 10 11 |
---------------+----------------------------------+-----
Fighting       | 4 5 6 8 9 10 | 10.0
Armour         | 4 5 6 7 8 9 10 | 10.9
Shields        | 4 5 6 7 9 10 | 10.9
Long Blades    | 3 4 5 7 8 10 12 14 | 14.1
Dodging        | 1 2 3 |  3.6
Stealth        | 1 |  1.5
Invocations    | |  0.3

Action                   |  1- 3 |  4- 6 |  7- 9 | 10-12 || total
-------------------------+-------+-------+-------+-------++-------
Melee: Long sword        |    84 |    32 |   456 |     6 ||   578
       Headbutt          |     6 |    11 |   104 |    78 ||   199
       Double sword      |       |       |       |   320 ||   320
Invok: Heroism           |       |       |     1 |       ||     1
Evoke: Wand              |       |       |     2 |       ||     2
  Use: Potion            |       |     1 |     2 |     1 ||     4
       Scroll            |       |       |     6 |    10 ||    16
  Eat: Chunk             |       |     2 |    14 |    13 ||    29
       Ration            |       |       |       |     1 ||     1
Armor: Scale mail        |    34 |     6 |    20 |       ||    60
       Chain mail        |       |       |   193 |   156 ||   349
Dodge: Dodged            |    21 |     6 |    91 |   111 ||   229
Block: Shield            |    53 |    12 |   241 |   132 ||   438
       Buckler           |       |       |       |    61 ||    61
       Reflection        |       |       |       |     2 ||     2
       Rpst.: Long sword |     7 |     1 |    29 |     1 ||    38
       Double sword      |       |       |       |    33 ||    33
